 Dungeon Crawl Stone Soup version 0.30.0-29-ga12c61a403 (webtiles) character file.

Game seed: 17466269812655114979

80 BONEBRO the Slasher (level 4, -8/35 HPs)
             Began as a Human Fighter on June 11, 2023.
             Mangled by Crazy Yiuf
             ... wielding a +3 quarterstaff of chaos
              (9 damage)
             ... on level 2 of the Dungeon.
             The game lasted 00:04:32 (1417 turns).

BONEBRO the Slasher (Human Fighter)                 Turns: 1417, Time: 00:04:33

Health: -8/35      AC:  6    Str: 17    XL:     4   Next: 65%
Magic:  0/4        EV:  9    Int:  8    God:
Gold:   122        SH:  5    Dex: 14    Spells: 3/3 levels left

rFire   . . .        a - +0 long sword
rCold   . . .        c - +0 buckler
rNeg    . . .        b - +0 scale mail
rPois   .            (no helmet)
rElec   .            (no cloak)
rCorr   .            (no gloves)
SInv    .            (no boots)
Will    .....        (no amulet) Stlth
                     (no ring)
HPRegen 0.25/turn    (no ring)
MPRegen 0.09/turn

%: no passive effects
@: lethally poisoned (-8 -> -9)
A: no striking features
a: no special abilities


You were on level 2 of the Dungeon.
You visited 1 branch of the dungeon, and saw 2 of its levels.

You collected 122 gold pieces.

Inventory:

Hand Weapons
 a - a +0 long sword (weapon)
Armour
 b - a +0 scale mail (worn)
 c - a +0 buckler (worn)
Jewellery
 n - a ring of fire
Wands
 l - a wand of polymorph (10)
Scrolls
 f - a scroll of identify {unknown}
 g - a scroll of blinking {unknown}
 j - a scroll of enchant weapon {unknown}
 m - a scroll of amnesia {unknown}
Potions
 d - a potion of might
 e - 5 potions of curing {unknown}
 h - 3 potions of attraction {unknown}
 i - a potion of brilliance {unknown}
 k - a potion of magic {unknown}


   Skills:
 - Level 3.0 Fighting
 * Level 4.2 Long Blades
 - Level 3.0 Armour
 - Level 1.0 Dodging
 - Level 3.0 Shields


You had 3 spell levels left.
You didn't know any spells.
Your spell library was empty.

Dungeon Overview and Level Annotations

Branches:
Dungeon (2/15)

Altars:
Yredelemnul

Shops:
D:2 !

Annotations:
D:2 Crazy Yiuf


Message History

Crazy Yiuf shouts!
You open the door. You hit Crazy Yiuf.
Crazy Yiuf is moderately wounded.
Crazy Yiuf laughs, "Mama water mobile!"
Crazy Yiuf hits you with a +3 quarterstaff of chaos!
Crazy Yiuf freezes you.
You closely miss Crazy Yiuf.
Crazy Yiuf is moderately wounded.
Crazy Yiuf hits you with a +3 quarterstaff of chaos.
You barely miss Crazy Yiuf.
Crazy Yiuf is moderately wounded.
Crazy Yiuf hits you with a +3 quarterstaff of chaos.
You are poisoned.
You barely miss Crazy Yiuf.
Crazy Yiuf is moderately wounded.
You feel very sick. You block Crazy Yiuf's attack. Crazy Yiuf misses you.
You barely miss Crazy Yiuf.
Crazy Yiuf is moderately wounded.
You feel sick.
Crazy Yiuf hits you with a +3 quarterstaff of chaos!
* * * LOW HITPOINT WARNING * * *
You feel your power leaking away.
You slash Crazy Yiuf!
Crazy Yiuf is severely wounded.
* * * LOW HITPOINT WARNING * * *
You feel sick. Crazy Yiuf closely misses you.
You barely miss Crazy Yiuf.
Crazy Yiuf is severely wounded.
* * * LOW HITPOINT WARNING * * *
You feel sick. You block Crazy Yiuf's attack.
You closely miss Crazy Yiuf.
Crazy Yiuf is severely wounded.
* * * LOW HITPOINT WARNING * * *
You feel sick.
Crazy Yiuf whimpers, "Castle!
Goober seventy verde."
Crazy Yiuf barely misses you.
Crazy Yiuf hits you with a +3 quarterstaff of chaos!
You die...

#### ##............###.........
######..##########..##.........
###......## #.......>.....
........## ######........
........# ######### ........#
........##♣♣ ### #####....#.♣♣
♣♣#..)# ##.....P♣♣♣♣@g...#
##...PP.♣..♣#...# ##.#..♣.♣♣♣
### ###♣♣♣♣♣


You could see Crazy Yiuf.

Vanquished Creatures
  Terence (D:2)
  2 worms (D:2)
  A dart slug (D:2)
  3 bats
  An endoplasm (D:1)
  2 giant cockroaches (D:2)
  4 goblins
  4 hobgoblins
  5 jackals (D:1)
  2 quokkas
  4 ball pythons
  4 frilled lizards (D:1)
  5 kobolds
  5 rats
43 creatures vanquished.

Notes
Turn   | Place    | Note
-------+----------+-------------------------------------------
     0 | D:1      | BONEBRO the Human Fighter began the quest for the Orb.
     0 | D:1      | Reached XP level 1. HP: 18/18 MP: 1/1
   111 | D:1      | Reached XP level 2. HP: 23/24 MP: 2/2
   367 | D:1      | Reached skill level 3 in Long Blades
   384 | D:1      | Reached XP level 3. HP: 26/29 MP: 3/3
   767 | D:2      | Noticed Terence
   812 | D:2      | Killed Terence
   813 | D:2      | Reached skill level 1 in Dodging
   813 | D:2      | Reached XP level 4. HP: 16/35 MP: 4/4
   914 | D:2      | Found a basalt altar of Yredelemnul.
   963 | D:2      | Reached skill level 4 in Long Blades
   990 | D:2      | Found Tauli's Distillery.
  1251 | D:2      | Found a runed translucent door.
  1252 | D:2      | Noticed Crazy Yiuf
  1417 | D:2      | HP: 1/35 [poisoned by Crazy Yiuf]
  1417 | D:2      | Mangled by Crazy Yiuf

Illustrated notes

Levels and vault maps discovered:
D:1:      amcnicky_arrival_abandoned_market, layout_loops_ring, moated_statue
D:2:      layout_rooms, basic_altar, serial_shops, shop,
          uniq_crazy_yiuf_cottage, uniq_terence

Skill      XL: |  1  2  3  4 |
---------------+-------------+-----
Long Blades    | 3 4 |  4.2
Dodging        | 1 |  1.0
Fighting       | |  3.0
Armour         | |  3.0
Shields        | |  3.0

Action                     |  1- 3 |  4- 6 || total
---------------------------+-------+-------++-------
  Melee: Long sword        |    82 |    65 ||   147
         Unarmed           |    10 |       ||    10
 Armour: Scale mail        |    60 |    27 ||    87
  Dodge: Dodged            |    49 |    21 ||    70
  Block: Buckler           |    19 |    18 ||    37
